 Dungeon Crawl Stone Soup version 0.24-a0-725-gf1a930fc54 (webtiles) character file.

Game seed: 17119052217031727446, levelgen mode: deterministic

80 Kohma the Vandal (level 4, -2/29 HPs)
             Began as a Halfling Hunter on Oct 1, 2019.
             Slain by a kobold (3 damage)
             ... on level 2 of the Dungeon.
             The game lasted 00:07:10 (2163 turns).

Kohma the Vandal (Halfling Hunter)                  Turns: 2163, Time: 00:07:11

Health: -2/29      AC:  3    Str: 13    XL:     4   Next: 65%
Magic:  4/4        EV: 15    Int:  9    God:
Gold:   26         SH:  0    Dex: 15    Spells: 3/3 levels left

rFire    . . .     SeeInvis .   b - +0 dagger
rCold    . . .     Gourm    .   (shield restricted)
rNeg     . . .     Faith    .   c - +0 leather armour
rPois    .         Spirit   .   (no helmet)
rElec    .         Reflect  .   (no cloak)
rCorr    .         Harm     .   (no gloves)
MR       .....                  (no boots)
Stlth    ++........             (no amulet)
HPRegen  0.09/turn              (no ring)
MPRegen  0.09/turn              (no ring)

@: no status effects
A: small, mutation resistance 1
a: no special abilities


You were on level 2 of the Dungeon.
You were not hungry.

You visited 1 branch of the dungeon, and saw 2 of its levels.

You collected 26 gold pieces.

Inventory:

Hand Weapons
 a - a +1 hunting sling
 b - a +0 dagger (weapon)
Armour
 c - a +0 leather armour (worn)
Scrolls
 g - a scroll of remove curse {unknown}
 h - a scroll of enchant armour {unknown}
Potions
 j - a potion of might {unknown}
Comestibles
 f - 4 rations


   Skills:
 + Level 2.3 Fighting
 * Level 6.8 Slings
 * Level 3.3 Dodging
 + Level 2.0 Stealth


You had 3 spell levels left.
You didn't know any spells.
Your spell library was empty.

Dungeon Overview and Level Annotations

Branches:
Dungeon (2/15)

Altars:

Annotations:
D:2 Sigmund


Innate Abilities, Weirdness & Mutations

You are small and have problems with some larger weapons.
You are somewhat resistant to further mutation.


Message History

The jackal is severely wounded.
The kobold closely misses you. The jackal misses you.
You hit the jackal but do no damage.
The jackal is severely wounded.
The kobold hits you.
* * * LOW HITPOINT WARNING * * *
The jackal bites you but does no damage.
You miss the jackal.
The jackal is severely wounded.
The jackal barely misses you. The kobold barely misses you.
The jackal bites you.
* * * LOW HITPOINT WARNING * * *
You hit the jackal but do no damage.
The jackal is severely wounded.
The kobold closely misses you. The jackal misses you.
You closely miss the jackal.
The jackal is severely wounded.
The jackal bites you but does no damage.
The kobold hits you.
You die...

......# #.....# ......#
#.....# ......## #.....#
.......##########.....#
......................#######
.............................
....................#.######
.................K..'..#
................@hg.#..#
.......###########..#..#
##............gK....#..#
#..###############'#..########
#..# #..............#
##..##########
#..............#
#............#
#(.............#
#............#
#..............#
#............#
#..............#


You could see a jackal, a hobgoblin and a kobold.

Vanquished Creatures
  2 adders (D:2)
  2 oozes (D:1)
  A worm (D:2)
  3 dart slugs
  A leopard gecko (D:2)
  A ball python (D:1)
  4 giant cockroaches (D:1)
  8 goblins
  3 hobgoblins
  4 bats
  3 frilled lizards
  9 kobolds
  4 rats
45 creatures vanquished.

Notes
Turn   | Place    | Note
-------+----------+-------------------------------------------
     0 | D:1      | Kohma the Halfling Hunter began the quest for the Orb.
     0 | D:1      | Reached XP level 1. HP: 14/14 MP: 1/1
    62 | D:1      | Reached skill level 6 in Slings
    67 | D:1      | Reached XP level 2. HP: 15/19 MP: 2/2
   295 | D:1      | Reached XP level 3. HP: 11/24 MP: 3/3
  1052 | D:2      | Noticed Sigmund
  1487 | D:2      | Reached XP level 4. HP: 29/29 MP: 4/4
  2114 | D:2      | HP: 1/29 [kobold (2)]
  2161 | D:2      | HP: 1/29 [jackal (1)]
  2163 | D:2      | Slain by a kobold

Levels and vault maps discovered:
D:1:      sevenhm_arrival_forest_fort_large_2, layout_basic
D:2:      layout_basic, first_ration, uniq_sigmund, uniq_terence

Skill      XL: |  1  2  3  4 |
---------------+-------------+-----
Slings         | 6 |  6.8
Fighting       | 2 |  2.3
Dodging        | 3 |  3.3
Stealth        | 2 |  2.0

Action                   |  1- 3 |  4- 6 || total
-------------------------+-------+-------++-------
Melee: Short sword       |    21 |       ||    21
       Dagger            |    23 |    66 ||    89
 Fire: Hunting sling     |    60 |    16 ||    76
Throw: Stone             |     1 |       ||     1
 Stab: Sleeping          |     2 |       ||     2
  Eat: Ration            |     1 |       ||     1
Armor: Leather armour    |    14 |    17 ||    31
Dodge: Dodged            |    66 |   102 ||   168

Table legend:
 A = Non-vault XP
 B = Vault XP
 C = Vault XP percentage of total XP
 D = Non-vault monster count
 E = Vault monster count
 F = Vault count percentage of total count
                 A         B        C        D         E       F
            +---------+---------+-------+---------+---------+-------
      Total |     115 |       0 |   0.0 |      45 |       0 |   0.0
            +---------+---------+-------+---------+---------+-------
        D:1 |      58 |       0 |   0.0 |      28 |       0 |   0.0
        D:2 |      57 |       0 |   0.0 |      17 |       0 |   0.0
            +---------+---------+-------+---------+---------+-------
